 Dungeon Crawl Stone Soup version 0.27-a0-1184-ge86db4a01e (webtiles) character file.

Game seed: 8563254118347957468

170 Wyvernaa the Shield-Bearer (level 5, -6/42 HPs)
             Began as a Formicid Fighter on May 18, 2021.
             Mangled by an ogre
             ... wielding a +0 giant club
              (29 damage)
             ... on level 4 of the Dungeon.
             The game lasted 00:08:26 (3242 turns).

Wyvernaa the Shield-Bearer (Formicid Fighter)       Turns: 3242, Time: 00:08:27

Health: -6/42      AC:  8    Str: 22    XL:     5   Next: 80%
Magic:  5/5        EV:  8    Int:  7    God:
Gold:   100        SH: 10    Dex: 10    Spells: 4/4 levels left

rFire    . . .     SeeInvis +   a - +0 trident
rCold    . . .     Faith    .   c - +0 kite shield
rNeg     + . .     Spirit   .   b - +0 scale mail
rPois    .         Reflect  .   (helmet unavailable)
rElec    .         Harm     .   (no cloak)
rCorr    .         Rampage  .   k - +0 pair of gloves
Will     .....                  (no boots)
Stlth    ..........             i - amulet of regeneration
HPRegen  1.14/turn              l - ring of positive energy
MPRegen  0.09/turn              (no ring)

@: mighty
A: permanent stasis, dig shafts and tunnels, antennae 3, four strong arms
a: Dig, Shaft Self


You were on level 4 of the Dungeon.
You visited 1 branch of the dungeon, and saw 4 of its levels.

You collected 100 gold pieces.

Inventory:

Hand Weapons
 a - a +0 trident (weapon)
Missiles
 f - 7 atropa-tipped darts
Armour
 b - a +0 scale mail (worn)
 c - a +0 kite shield (worn)
 k - a +0 pair of gloves (worn)
Jewellery
 i - an amulet of regeneration (around neck)
 l - a ring of positive energy (left hand)
Wands
 m - a wand of flame (24)
Scrolls
 e - 2 scrolls of immolation
 o - a scroll of acquirement {unknown}
 p - a scroll of silence {unknown}
 q - a scroll of identify
Potions
 g - 3 potions of curing
 h - a potion of heal wounds {unknown}
 j - a potion of attraction {unknown}
 n - a potion of ambrosia {unknown}


   Skills:
 + Level 3.7 Fighting
 * Level 4.2 Polearms
 + Level 3.8 Armour
 + Level 0.4 Dodging
 * Level 4.6 Shields


You had 4 spell levels left.
You didn't know any spells.
Your spell library contained the following spells:

 Spells                   Type           Power      Damage    Failure   Level
 Sting                    Tmut/Pois      0%         1d3       97%         1
 Poisonous Vapours        Pois/Air       0%         N/A       99%         2
 Ignite Poison            Fire/Tmut/Pois 0%         N/A       100%        3
 Mephitic Cloud           Conj/Pois/Air  0%         N/A       100%        3
 Olgreb's Toxic Radiance  Pois           0%         N/A       100%        4


Dungeon Overview and Level Annotations

Branches:
Dungeon (4/15)
 Temple: D:4-7

Altars:
Sif Muna
Trog
The Shining One
Beogh

Annotations:
D:3 3 runed translucent doors, ZappyNine's ghost, amateur DrFi


Innate Abilities, Weirdness & Mutations

You cannot be hasted, slowed, berserked, paralysed or teleported.
You can dig through walls and to a lower floor.
You have a pair of large antennae on your head. (SInv)
Your four strong arms can wield two-handed weapons with a shield.


Message History

You kill the white imp!
You see here a +0 club.
A kobold zombie comes into view.
An orc zombie comes into view.
Found a pair of boots.
You reach to attack!
You closely miss the kobold zombie. You barely miss the kobold zombie.
The kobold zombie hits you but does no damage.
You hit the kobold zombie.
The kobold zombie is heavily damaged.
The kobold zombie hits you but does no damage.
An ogre comes into view. It is wielding a +0 giant club.
You closely miss the kobold zombie.
The kobold zombie is heavily damaged.
The ogre shouts!
The kobold zombie hits you but does no damage.
Unknown command.
You see here a +0 club.
You extend your mandibles.
You dig through the rock wall.
You dig through the rock wall.
You dig through the rock wall.
You start waiting.
An ogre is nearby!
You retract your mandibles.
You puncture the ogre!
The ogre is moderately wounded.
The ogre hits you with a +0 giant club!!
Ouch! That really hurt!
You hit the ogre.
The ogre is moderately wounded.
You block the ogre's attack.
You hit the ogre.
The ogre is heavily wounded.
You block the ogre's attack.
You feel very mighty all of a sudden.
You hit the ogre.
The ogre is heavily wounded.
The ogre hits you with a +0 giant club!!
Ouch! That really hurt!
You die...

###+###.....
#.............
#......... ...
#......# ..#
#......# #.#
##......## #.#
##.##.###.## #.## #
#O###.####.###..#.#
{
##@##{#.{.{{{...#.#
####.#.#######O# .
#.# #..#..#{### ..#
#..#..#..## { ###
#..#..#.{## #
#.....#..##
####.##†.....Z..
........####.#.#
.....#.....#.#<.


You could see an ogre.

Vanquished Creatures
  An iguana (D:4)
  A gnoll (D:3)
  4 adders
  A white imp (D:4)
  2 worms
  2 dart slugs
  2 orcs (D:3)
  8 ball pythons
  7 endoplasms
  3 giant cockroaches
  6 goblins
  10 hobgoblins
  6 jackals (D:1)
  4 kobolds
  A quokka (D:1)
  8 bats
  3 frilled lizards
  A goblin skeleton (D:4)
  An orc skeleton (D:4)
  8 rats
79 creatures vanquished.

Notes
Turn   | Place    | Note
-------+----------+-------------------------------------------
     0 | D:1      | Wyvernaa the Formicid Fighter began the quest for the Orb.
     0 | D:1      | Reached XP level 1. HP: 18/18 MP: 1/1
   189 | D:1      | Reached XP level 2. HP: 21/24 MP: 2/2
   380 | D:1      | Reached XP level 3. HP: 29/29 MP: 3/3
  1044 | D:2      | Reached XP level 4. HP: 35/35 MP: 4/4
  1891 | D:3      | Found a runed translucent gate.
  1891 | D:3      | Found a runed translucent gate.
  1891 | D:3      | Found a runed translucent gate.
  1907 | D:3      | Noticed ZappyNine's ghost (amateur DrFi)
  1909 | D:3      | Identified the +9 spear of Toyvy {vorpal, rElec Will+
                  | Str+3}
  1909 | D:3      | Identified the +0 ring mail "Haazo" {*Slow rPois rN+
                  | Slay+3}
  2432 | D:3      | Reached XP level 5. HP: 41/41 MP: 5/5
  2628 | D:3      | Found a shimmering blue altar of Sif Muna.
  2665 | D:3      | Found a bloodstained altar of Trog.
  3153 | D:4      | Found a glowing golden altar of the Shining One.
  3208 | D:4      | Noticed an ogre
  3242 | D:4      | Mangled by an ogre

Illustrated notes

Levels and vault maps discovered:
D:1:      dpeg_arrival_windows_large_door, layout_basic
D:2:      layout_basic
D:3:      minmay_recursive_quarters, layout_rooms, led_sif_pool,
          lemuel_crystal_altar, biasface_ghost_orc_armoury, dk_noncrumbling_4,
          minmay_door_square, due_unseen_surprise
D:4:      layout_basic, nicolae_tso_besieged_by_evil, uniq_menkaure,
          uniq_grinder

Skill      XL: |  1  2  3  4  5 |
---------------+----------------+-----
Shields        | 4 |  4.6
Polearms       | 3 4 |  4.2
Fighting       | |  3.7
Armour         | |  3.8
Dodging        | |  0.4

Action                   |  1- 3 |  4- 6 || total
-------------------------+-------+-------++-------
Melee: Trident           |    82 |   168 ||   250
 Abil: Dig               |       |    10 ||    10
  Use: Scroll            |     2 |     2 ||     4
       Potion            |       |     1 ||     1
Armor: Scale mail        |    29 |    34 ||    63
Dodge: Dodged            |    18 |    55 ||    73
Block: Kite shield       |    29 |    53 ||    82

Table legend: (Time is in decaauts)
 A = Elapsed time spent in this place.
 B = Non-inter-level travel time spent in this place.
 C = Inter-level travel time spent in this place.
 D = Time resting spent in this place.
 E = Time spent auto-exploring this place.
 F = Levels seen in this place.
 G = Mean time per level.
                   A        B        C        D        E       F      G
               +--------+--------+--------+--------+--------+-----+--------+
         Total |   3321 |   3163 |    158 |     67 |   1971 |   4 |  830.2 |
       Dungeon |   3321 |   3163 |    158 |     67 |   1971 |   4 |  830.2 |
               +--------+--------+--------+--------+--------+-----+--------+

Top non-repeatable levels by time:
     D:2: 1120 daAuts
     D:3: 973 daAuts
     D:1: 916 daAuts
     D:4: 310 daAuts
